 Dungeon Crawl Stone Soup version 0.23.0 (webtiles) character file.

Game seed: 3629419075107659841

8148 vishdafish the Grappler (level 11, -6/110 HPs)
             Began as a Troll Berserker on Feb 15, 2019.
             Was the Champion of Trog.
             Mangled by a porcupine (7 damage)
             ... on level 10 of the Dungeon.
             The game lasted 00:15:13 (6826 turns).

vishdafish the Grappler (Troll Berserker)           Turns: 6826, Time: 00:15:13

Health: -6/110     AC:  9    Str: 27    XL:     11   Next: 6%
Magic:  10/10      EV: 13    Int:  6    God:    Trog [******]
Gold:   377        SH:  5    Dex: 11    Spells: 10/10 levels left

rFire    . . .     SeeInvis .     - Unarmed
rCold    + + .     Gourm    +   (no shield)
rNeg     . . .     Faith    .   a - +1 animal skin
rPois    .         Spirit   .   (helmet restricted)
rElec    .         Reflect  +   (no cloak)
rCorr    .         Harm     .   (gloves unavailable)
MR       .....                  (boots unavailable)
Stlth    +.........             t - +5 amulet of reflection
HPRegen  0.68/turn              l - ring of wizardry
MPRegen  0.12/turn              (no ring)

@: berserk cooldown
A: large, unfitting armour, claws 3, molten scales 1, agile 1, cold resistance
2, fast metabolism 3, gourmand, regeneration 1, shaggy fur 1, tough skin 3
a: Berserk, Trog's Hand, Brothers in Arms, Renounce Religion


You were on level 10 of the Dungeon.
You worshipped Trog.
Trog was exalted by your worship.
You were not hungry.

You visited 1 branch of the dungeon, and saw 10 of its levels.
You also visited: Ossuary.

You collected 443 gold pieces.
You spent 66 gold pieces at shops.

Inventory:

Armour
 a - a +1 animal skin (worn)
 u - a +0 robe of positive energy
Jewellery
 g - an uncursed amulet of rage
 j - an uncursed ring of fire
 l - a ring of wizardry (left claw)
 t - a +5 amulet of reflection (around neck)
 v - an uncursed amulet of faith {unknown}
 C - a cursed amulet of regeneration {unknown}
Wands
 w - a wand of paralysis (7)
 x - a wand of random effects (9)
 y - a wand of disintegration (16)
 A - a wand of flame (61)
 E - a wand of iceblast (11)
 I - a wand of scattershot (6)
Scrolls
 d - 9 scrolls of remove curse
 e - a scroll of blinking
 f - 3 scrolls of immolation
 h - 5 scrolls of fog
 k - 4 scrolls of teleportation
 q - 4 scrolls of enchant armour
 G - a scroll of identify
Potions
 c - 4 potions of might
 i - 3 potions of mutation
 m - 2 potions of resistance
 n - 2 potions of magic
 o - 4 potions of flight
 p - a potion of lignification
 s - 3 potions of agility
 z - a potion of heal wounds {unknown}
 B - a potion of degeneration {unknown}
Miscellaneous
 F - a lightning rod (4/4)
 H - a phial of floods
Comestibles
 b - 20 rations


   Skills:
 + Level 7.6 Fighting
 + Level 7.6 Dodging
 * Level 12.3 Unarmed Combat


You had 10 spell levels left.
You didn't know any spells.
Your spell library contained the following spells:

 Spells                   Type           Power        Failure   Level  Hunger
 Animate Skeleton         Necr           N/A          21%         1    ##.....
 Apportation              Tloc           #.....       21%         1    ##.....
 Confusing Touch          Hex            #.....       21%         1    ##.....
 Summon Small Mammal      Summ           #...         21%         1    ##.....


Dungeon Overview and Level Annotations

Branches:
Dungeon (10/15)            Temple (0/1) D:7            Lair (0/6) D:10
    Orc (0/2) D:9

Altars:
Ashenzari
Dithmenos
Makhleb
Nemelex Xobeh
Uskayaw
Wu Jian
Xom

Shops:
D:9 *


Innate Abilities, Weirdness & Mutations

You are too large for most types of armour.
You have claws for hands.
Your metabolism is lightning-fast.
You like to eat raw meat.
Your natural rate of healing is unusually fast.
You are covered in fur. (AC +1)
You have extremely tough skin. (AC +3)
You are partially covered in molten scales. (AC +2)
You are agile. (Dex +2)
Your flesh is very cold resistant. (rC++)


Message History

Your roots penetrate the ground.
The porcupine bites you but does no damage.
You block the porcupine's attack. The porcupine bites you.
* * * LOW HITPOINT WARNING * * *
It was a potion of brilliance.
You feel clever all of a sudden. The porcupine bites you!
* * * LOW HITPOINT WARNING * * *
The porcupine bites you but does no damage. x2
It was a potion of cancellation.
Your magical effects are unravelling.
You feel magically purged.
You feel less wooden.
Your +1 animal skin unmelds from your body.
You feel yourself speed up.
You feel a little less clever now. The porcupine bites you.
* * * LOW HITPOINT WARNING * * *
The porcupine bites you but does no damage.
The porcupine bites you!
You die...

.P.PPP.PP....###......#........#
P.PPP..PPPP...##......#........'
PPPP...P[PP...##......#....#####
.P$.PP†.PPP....#......#....##..#
..P..P.P†)$.P.†'......#....##..#
PP.PP>PPP......#......#'#####..#
P.PPP.PP.PPP.###......#[.......#
..PP.PPPP.....r.......#....##..#
PPPPPP..P.P.).r@......#....##..#
PPP.PPPP..P...........#........'
PPPPPPP.P.%P..........#..(.....#
.PPP..P..............##..######
.PPPP..P.###+####....#..#.....
...P.# #....#..#..... P...
#....+..#..... P.
########....####..... #....#
#......##'#..........


You could see 2 porcupines.

Vanquished Creatures
  Erolcha (D:9)
  Harold (D:9)
  Prince Ribbit (D:6)
  4 slime creatures
  A hippogriff (D:8)
  Sigmund (D:6)
  A spriggan (D:10)
  A yak (D:10)
  Eustachio (D:4)
  A soldier ant (D:7)
  A water moccasin (D:6)
  2 black bears
  3 porcupines (D:10)
  3 orc warriors
  A sky beast (D:6)
  2 phantoms
  An ice beast (D:6)
  An ogre (D:3)
  A hornet zombie (D:10)
  5 centaurs
  Blork the orc (D:5)
  4 bullfrogs
  2 elf zombies (Ossuary)
  3 scorpions
  A water moccasin skeleton (D:8)
  8 wights (D:8)
  4 howler monkeys
  2 jellies
  3 crimson imps (D:5)
  A centaur zombie (Ossuary)
  A quasit (D:7)
  3 bullfrog zombies
  4 hounds
  A human zombie (Ossuary)
  9 orc priests
  3 bullfrog skeletons
  17 orc wizards
  5 iguanas
  8 worker ants
  A killer bee zombie (D:8)
  2 hound zombies
  2 mummies (Ossuary)
  A worker ant zombie (D:5)
  8 adders
  7 gnolls
  2 shadow imps (D:10)
  2 oozes (D:2)
  3 adder skeletons
  3 adder zombies
  3 dart slugs
  4 leopard geckos
  57 orcs
  7 bats
  7 giant cockroaches
  5 goblins
  7 hobgoblins
  4 quokkas
  2 frilled lizards
  2 goblin zombies (Ossuary)
  9 hobgoblin zombies (Ossuary)
  A jackal zombie (Ossuary)
  4 kobolds
  10 kobold zombies (Ossuary)
  10 orc zombies (Ossuary)
  A quokka skeleton (D:7)
  4 rats
281 creatures vanquished.

Vanquished Creatures (others)
  2 fungi (D:10)
2 creatures vanquished.

Grand Total: 283 creatures vanquished

Notes
Turn   | Place    | Note
-------+----------+-------------------------------------------
     0 | D:1      | vishdafish the Troll Berserker began the quest for the Orb.
     0 | D:1      | Reached XP level 1. HP: 22/22 MP: 0/0
   293 | D:1      | Reached XP level 2. HP: 29/29 MP: 1/1
   810 | D:2      | Reached XP level 3. HP: 36/36 MP: 2/2
  1146 | D:2      | Reached skill level 4 in Unarmed Combat
  1300 | D:3      | Noticed an ogre
  1306 | D:3      | Killed an ogre
  1306 | D:3      | Reached ** piety under Trog
  1306 | D:3      | Reached XP level 4. HP: 43/45 MP: 3/3
  1306 | D:3      | Reached XP level 5. HP: 51/53 MP: 4/4
  1360 | D:3      | Reached skill level 5 in Unarmed Combat
  1476 | D:3      | Gained mutation: Your flesh is cold resistant. (rC+)
                  | [potion of mutation]
  1476 | D:3      | Gained mutation: Armour fits poorly on your strangely
                  | shaped body. [potion of mutation]
  1476 | D:3      | Gained mutation: You are clumsy. (Dex -2) [potion of
                  | mutation]
  1476 | D:3      | Gained mutation: Your flesh is very cold resistant. (rC++)
                  | [potion of mutation]
  1484 | D:3      | Lost mutation: You are clumsy. (Dex -2) [potion of
                  | mutation]
  1484 | D:3      | Lost mutation: Armour fits poorly on your strangely shaped
                  | body. [potion of mutation]
  1484 | D:3      | Gained mutation: Your mind is acute. (Int +2) [potion of
                  | mutation]
  1484 | D:3      | Gained mutation: You are partially covered in molten
                  | scales. (AC +2) [potion of mutation]
  1484 | D:3      | Lost mutation: Your mind is acute. (Int +2) [potion of
                  | mutation]
  1484 | D:3      | Gained mutation: You are agile. (Dex +2) [potion of
                  | mutation]
  1610 | D:3      | Reached XP level 6. HP: 44/61 MP: 5/5
  2059 | D:4      | Noticed Eustachio
  2067 | D:4      | Killed Eustachio
  2067 | D:4      | Reached skill level 6 in Unarmed Combat
  2067 | D:4      | Reached XP level 7. HP: 68/68 MP: 6/6
  2176 | D:4      | Found a shattered altar of Ashenzari.
  2370 | D:5      | Entered Level 5 of the Dungeon
  2479 | D:5      | Reached *** piety under Trog
  2566 | D:5      | Reached skill level 7 in Unarmed Combat
  2612 | D:5      | Found a shadowy altar of Dithmenos.
  2620 | D:5      | Reached XP level 8. HP: 76/79 MP: 7/7
  2700 | D:5      | Found an ornate altar of the Wu Jian Council.
  2704 | D:5      | Found a sparkling altar of Nemelex Xobeh.
  2704 | D:5      | Found a shimmering altar of Xom.
  2965 | D:5      | Noticed Blork the orc
  2977 | D:5      | Killed Blork the orc
  3029 | D:5      | Reached skill level 8 in Unarmed Combat
  3189 | D:5      | Reached skill level 5 in Fighting
  3299 | D:6      | Noticed Sigmund
  3306 | D:6      | Killed Sigmund
  3306 | D:6      | Reached skill level 5 in Dodging
  3349 | D:6      | Found a sand-covered staircase.
  3387 | Ossuary  | Entered an ossuary
  3422 | Ossuary  | Reached **** piety under Trog
  3568 | Ossuary  | Reached XP level 9. HP: 83/88 MP: 8/8
  3679 | D:6      | Reached skill level 9 in Unarmed Combat
  3864 | D:6      | Noticed Prince Ribbit
  4009 | D:6      | Killed Prince Ribbit
  4305 | D:6      | Found a hide-covered altar of Uskayaw.
  4473 | D:7      | Reached skill level 10 in Unarmed Combat
  4536 | D:7      | Found a staircase to the Ecumenical Temple.
  4789 | D:7      | Reached ***** piety under Trog
  4817 | D:7      | Found a burning altar of Makhleb.
  5208 | D:8      | Reached XP level 10. HP: 100/100 MP: 9/9
  5602 | D:9      | Found Kaadecacw's Assorted Antiques.
  5603 | D:9      | Noticed Harold
  5624 | D:9      | Killed Harold
  5624 | D:9      | Reached skill level 11 in Unarmed Combat
  5636 | D:9      | Bought a scroll of identify for 66 gold pieces
  5981 | D:9      | Noticed Erolcha
  5982 | D:9      | Found a staircase to the Orcish Mines.
  5993 | D:9      | Killed Erolcha
  5993 | D:9      | Reached skill level 12 in Unarmed Combat
  6222 | D:9      | Reached ****** piety under Trog
  6373 | D:10     | Entered Level 10 of the Dungeon
  6787 | D:10     | Reached XP level 11. HP: 106/109 MP: 10/10
  6790 | D:10     | Found a staircase to the Lair.
  6823 | D:10     | HP: 5/110 [porcupine (14)]
  6825 | D:10     | HP: 1/165 [porcupine (7)]
  6826 | D:10     | Mangled by a porcupine

Skill      XL: |  1  2  3  4  5  6  7  8  9 10 |
---------------+-------------------------------+-----
Unarmed Combat | 4 5 6 7 8 10 12 | 12.3
Fighting       | 3 4 5 6 7 |  7.6
Dodging        | 3 4 5 6 7 |  7.6

Action                   |  1- 3 |  4- 6 |  7- 9 | 10-12 || total
-------------------------+-------+-------+-------+-------++-------
Melee: Unarmed           |    92 |   101 |   349 |   221 ||   763
       Punch             |       |     4 |    17 |    12 ||    33
Throw: Throwing net      |       |       |       |     1 ||     1
Invok: Berserk           |     2 |     3 |     5 |     5 ||    15
Evoke: Wand              |       |       |     8 |     2 ||    10
  Use: Scroll            |       |     8 |     5 |       ||    13
       Potion            |       |     2 |       |     3 ||     5
 Stab: Sleeping          |       |       |     2 |       ||     2
  Eat: Chunk             |     6 |    19 |    23 |    17 ||    65
       Ration            |     1 |       |     1 |     1 ||     3
Armor: Animal skin       |    54 |    36 |    80 |    50 ||   220
       Skin              |       |       |       |     3 ||     3
Dodge: Dodged            |    57 |    78 |   134 |   125 ||   394
Block: Other             |       |       |    61 |    56 ||   117
       Reflection        |       |       |     5 |     2 ||     7
